 Dungeon Crawl Stone Soup version 0.30-b1-2-g02819fbbbe (webtiles) character file.

Game seed: 9502082913247662666

22 redmage the Digger (level 3, -7/26 HPs)
             Began as a Meteoran Earth Elementalist on Aug 8, 2023.
             Mangled by Terence
             ... wielding a +0 flail
              (9 damage)
             ... on level 3 of the Dungeon.
             The game lasted 00:03:27 (263 turns).

redmage the Digger (Meteoran Earth Elementalist)     Turns: 263, Time: 00:03:27

Health: -7/26      AC:  2    Str:  9    XL:     3   Next: 23%
Magic:  3/8        EV: 12    Int: 19    God:
Gold:   36         SH:  0    Dex: 14    Spells: 2/8 levels left

rFire   . . .        (no weapon)
rCold   . . .        (no shield)
rNeg    . . .        a - +0 robe
rPois   .            (no helmet)
rElec   .            (no cloak)
rCorr   .            (no gloves)
SInv    .            (no boots)
Will    .....        (no amulet)
Stlth   +            (no ring)
HPRegen 0.24/turn    (no ring)
MPRegen 0.11/turn

%: no passive effects
@: very slightly contaminated, glowing
A: sense surroundings 1, otherworldly, glowing, explore regen
a: no special abilities


You were on level 3 of the Dungeon.
You visited 1 branch of the dungeon, and saw 3 of its levels.

You collected 36 gold pieces.

Inventory:

Armour
 a - a +0 robe (worn)
Wands
 d - a wand of paralysis (9)
Potions
 b - a potion of magic
 c - 2 potions of haste {unknown}
 e - a potion of heal wounds {unknown}
 f - a potion of cancellation {unknown}


   Skills:
 - Level 2.4 Dodging
 - Level 1.4 Stealth
 - Level 3.0 Spellcasting
 * Level 0.4 Conjurations
 - Level 1.8 Transmutations
 + Level 4.3 Earth Magic


You had 2 spell levels left.
You knew the following spells:

 Your Spells              Type           Power      Damage    Failure   Level
a - Sandblast             Erth           38%        2d10      2%          1
b - Passwall              Tmut/Erth      11%        N/A       6%          2
c - Stone Arrow           Conj/Erth      24%        3d8       17%         3

Your spell library contained the following spells:

 Spells                   Type           Power      Damage    Failure   Level
 Petrify                  Tmut/Erth      14%        N/A       38%         4


Dungeon Overview and Level Annotations

Branches:
Dungeon (3/15) Zot: 1525

Altars:

Annotations:
D:3 Terence


Innate Abilities, Weirdness & Mutations

You passively map a small area around you.
You are easily found by Zot.
You glow in the dark.
You regain HP and MP as you explore.


Message History

The frilled lizard hisses angrily.
Casting: Sandblast (safe; 2% risk of failure)
Confirm with . or Enter, or press ? or * to list all spells.
Aiming: Sandblast (safe; 2% risk of failure)
Press: ? - help, Shift-Dir - straight line, f - frilled lizard
Aim: a frilled lizard (70% to hit)
The blast of sand hits the frilled lizard!
You kill the frilled lizard!
Unknown command.
f - a fizzy brown potion
Found a leather armour.
Terence is nearby!
Terence shouts!
You hear a shout! x2
Casting: Sandblast (safe; 2% risk of failure)
Confirm with . or Enter, or press ? or * to list all spells.
The spell is quite dangerous to miscast (17% risk of failure)!
Continue anyway? [Y]es or [N]o only, please.
The spell is quite dangerous to miscast (17% risk of failure)!
Continue anyway?
Aiming: Stone Arrow (quite dangerous; 17% risk of failure)
Press: ? - help, Shift-Dir - straight line, f - Terence
Aim: Terence, wielding a +0 flail and wearing a +0 chain mail (77% to hit)
The stone arrow hits Terence.
Terence is lightly wounded.
Unknown command.
Casting: Stone Arrow (quite dangerous; 17% risk of failure)
Confirm with . or Enter, or press ? or * to list all spells.
The spell is quite dangerous to miscast (17% risk of failure)!
Continue anyway?
Aiming: Stone Arrow (quite dangerous; 17% risk of failure)
Press: ? - help, Shift-Dir - straight line, f/p - Terence
Aim: Terence, wielding a +0 flail and wearing a +0 chain mail (lightly wounded, 77% to hit)
You miscast Stone Arrow.
You are very lightly contaminated with residual magic.
You feel a surge of energy from the ground.
Terence attacks as you move away! Terence hits you with a +0 flail!
Terence attacks as you move away! Terence hits you with a +0 flail.
Terence shouts, "Now you die!" Terence attacks as you move away!
Terence hits you with a +0 flail!
* * * LOW HITPOINT WARNING * * *
Terence hits you with a +0 flail!
You die...

.................. ,
####.#..........* *
#.#..######## , #
#..########.# * #
#...........# *
###.##.########.#,
#........[...., .#
#....#.#######
,#..#,
#....#@########....#
####
#.@...........#,
##########....#,
.#.#.# * ,** ,,
,#,#.# ,, * *, , **
, ,#.#, , , * *, ,
,#,#.# $. ,#.#.#. ,
..@.#.#.#.


You could see Terence.

Vanquished Creatures
  An adder (D:2)
  2 endoplasms
  A giant cockroach (D:2)
  A hobgoblin (D:3)
  2 ball pythons
  A bat (D:2)
  5 frilled lizards
  2 kobolds (D:1)
15 creatures vanquished.

Notes
Turn   | Place    | Note
-------+----------+-------------------------------------------
     0 | D:1      | redmage the Meteoran Earth Elementalist began the quest for
                  | the Orb.
     0 | D:1      | Reached XP level 1. HP: 14/14 MP: 5/5
    61 | D:1      | Reached XP level 2. HP: 20/20 MP: 4/6
   120 | D:3      | Noticed Terence
   130 | D:2      | Learned a level 2 spell: Passwall
   133 | D:2      | Reached skill level 4 in Earth Magic
   136 | D:2      | Reached XP level 3. HP: 26/26 MP: 2/8
   207 | D:3      | Learned a level 3 spell: Stone Arrow
   261 | D:3      | HP: 1/26 [Terence/+0 flail (8)]
   263 | D:3      | Mangled by Terence

Illustrated notes

Levels and vault maps discovered:
D:1:      co_arrival_random_square_maze, layout_basic, minmay_strange_pillars
D:2:      layout_basic, eino_curves_03
D:3:      layout_basic, uniq_terence

Skill      XL: |  1  2 |
---------------+-------+-----
Spellcasting   | 3 |  3.0
Earth Magic    | 4 |  4.3
Dodging        | |  2.4
Stealth        | |  1.4
Conjurations   | |  0.4
Transmutations | |  1.8

Action                     || total
---------------------------++-------
   Cast: Sandblast         ||    20
         Stone Arrow       ||     1
 Armour: Robe              ||     1
  Dodge: Dodged            ||     1
